 Dungeon Crawl Stone Soup version 0.16-a0-4024-g0ecf4ac (webtiles) character file.

135 timbw the Slasher (level 4, 0/34 HPs)
             Began as a Vampire Fighter on Feb 18, 2015.
             Slain by an adder (1 damage)
             ... on level 3 of the Dungeon.
             The game lasted 00:05:22 (1060 turns).

timbw the Slasher (Vampire Fighter)                 Turns: 1060, Time: 00:05:22

Health: 0/34       AC:  6    Str: 15    XL:     4   Next: 97%
Magic:  4/4        EV:  7    Int: 10    God:
Gold:   75         SH:  8    Dex: 14    Spells: 0 memorised, 3 levels left

rFire  . . .     SeeInvis +     a - +0 long sword
rCold  . . .     Clarity  .     b - +0 scale mail
rNeg   . . .     SustAb   +     c - +0 shield
rPois  .         Gourm    .     (no helmet)
rElec  .         Spirit   .     (no cloak)
rCorr  +         Warding  .     (no gloves)
rMut   .         Stasis   .     (no boots)
MR     .....                    g - amulet of resist corrosion
Stlth  ..........               j - +1 ring of evasion
                                h - ring of sustain abilities

@: lethally poisoned (0 -> -12), regenerating quickly, not resistant to hostile
enchantments, extremely unstealthy
A: bottle blood, fangs 3, see invisible, unbreathing
a: no special abilities


You were on level 3 of the Dungeon.
You were very full.

You visited 1 branch of the dungeon, and saw 4 of its levels.

You collected 75 gold pieces.

Inventory:

Hand weapons
 a - a +0 long sword (weapon)
Armour
 b - a +0 scale mail (worn)
 c - a +0 shield (worn)
Jewellery
 g - an amulet of resist corrosion (around neck)
 h - a ring of sustain abilities (left hand)
 j - a +1 ring of evasion (right hand)
Scrolls
 f - 3 scrolls of identify {unknown}
 i - a scroll of noise {unknown}
 k - 2 scrolls of teleportation {unknown}
 m - a scroll of random uselessness {unknown}
 n - a scroll of remove curse {unknown}
Potions
 e - a potion of might


   Skills:
 - Level 2.6 Fighting
 + Level 5.2 Long Blades
 - Level 2.4 Armour
 - Level 2.6 Shields


You had 3 spell levels left.
You didn't know any spells.

Dungeon Overview and Level Annotations

Branches:
Dungeon (4/15)
 Temple: D:4-7

Altars:
Kikubaaqudgha
Ru
Xom
Zin


Innate Abilities, Weirdness & Mutations

Your natural rate of healing is unusually fast.
You can bottle blood from corpses.
You have razor-sharp teeth.
You have supernaturally acute eyesight.
You can survive without breathing.


Message History

The adder is almost dead.
The adder bites you.
* * * LOW HITPOINT WARNING * * *
The adder bites you but does no damage.
Drink which item? (? for menu, Esc to quit)
It was a potion of poison.
That liquid tasted very nasty...
You are lethally poisoned!
* * * LOW HITPOINT WARNING * * *
You feel sick. The adder bites you but does no damage.
Drink which item? (? for menu, Esc to quit)
It was a potion of magic.
Magic courses through your body.
* * * LOW HITPOINT WARNING * * *
You feel sick. The adder bites you but does no damage.
Unknown command.
You closely miss the adder.
The adder is almost dead.
* * * LOW HITPOINT WARNING * * *
You feel sick. You block the adder's attack. The adder bites you.
You die...

#.#......#⌠⌠##.#.####
#.....##__##.#.#
#.....#8..8#.#.# # #
#.....##''##.#.#
#.##.#....###..##.#.#
+....#....###...#.#.#
#..............#.#
#.#.######.....#.#
##.#.######@....#
#...!....oS.....+
###....$..#.....#
........<..#.....#
#.#.........#.....#
#.........#.....#
#.........#######
#.........#
.........#


You could see an adder and an orc.

Vanquished Creatures
  A worker ant (D:4)
  Ijyb (D:2)
  Terence (D:2)
  2 adders (D:2)
  2 worms
  3 giant geckos
  An ooze (D:1)
  4 orcs (D:3)
  A ball python (D:2)
  5 bats
  A bat skeleton (D:4)
  3 giant cockroaches
  4 goblins
  4 hobgoblins
  3 quokkas
  A giant newt (D:2)
  3 kobolds
  3 rats
43 creatures vanquished.

Notes
Turn   | Place    | Note
--------------------------------------------------------------
     0 | D:1      | timbw, the Vampire Fighter, began the quest for the Orb.
     0 | D:1      | Reached XP level 1. HP: 17/17 MP: 1/1
   170 | D:1      | Reached XP level 2. HP: 21/23 MP: 2/2
   242 | D:2      | Reached skill level 3 in Long Blades
   395 | D:2      | Reached XP level 3. HP: 23/28 MP: 3/3
   547 | D:2      | Noticed Ijyb
   553 | D:2      | Noticed Terence
   582 | D:2      | Reached skill level 4 in Long Blades
   601 | D:2      | Killed Terence
   639 | D:2      | Killed Ijyb
   639 | D:2      | Reached XP level 4. HP: 17/34 MP: 4/4
   875 | D:3      | Found a shimmering altar of Xom.
   875 | D:3      | Noticed an angel
   877 | D:3      | Found a glowing silver altar of Zin.
  1009 | D:4      | Reached skill level 5 in Long Blades
  1040 | D:3      | Found an ancient bone altar of Kikubaaqudgha.
  1040 | D:3      | Found a sacrificial altar of Ru.
  1060 | D:3      | HP: 1/34 [poison (a potion of poison)]
  1060 | D:3      | Slain by an adder

Action                   |  1- 3 |  4- 6 || total
-------------------------+-------+-------++-------
Melee: Long sword        |   121 |    58 ||   179
  Use: Potion            |     1 |     2 ||     3
  Eat: Corpse            |     8 |     4 ||    12
